 Dungeon Crawl Stone Soup version 0.31-a0-986-g5e6e4ef867 (webtiles) character file.

Game seed: 513856910488901355

711733 olddryhag the Intangible (level 27, -3/126 HPs)
             Began as a Kobold Brigand on Nov 2, 2023.
             Was an Initiate of Gozag.
             Killed from afar by Cerebov (50 damage)
             ... with a great blast of fire
             ... in Pandemonium on Nov 3, 2023.
             The game lasted 04:00:25 (90768 turns).

olddryhag the Intangible (Kobold Brigand)          Turns: 90768, Time: 04:00:26

Health: -3/126     AC: 15    Str: 20    XL:     27
Magic:  23/23      EV: 44    Int: 14    God:    Gozag
Gold:   5956       SH: 13    Dex: 35    Spells: 19/26 levels left

rFire   + + .        t - +9 quick blade (drain)
rCold   . . .        e - +3 buckler {AC+3}
rNeg    . . .        W - +2 fire dragon scales
rPois   +            Y - +1 hat of the Carpenter {Slay+2}
rElec   .            X - +2 cloak {rPois}
rCorr   .            q - +0 pair of fencer's gloves {Riposte Dex+3}
SInv    +            k - +0 pair of boots of Protective Custody {*Slow Str+6 Dex+5}
Will    +++..        P - amulet of Vitality {RegenMP++ Regen++}
Stlth   ++++++++++   L - ring of Departure {rC+ Will+ Str+3 Dex+3 SInv}
HPRegen 2.01/turn    F - ring of protection from fire
MPRegen 0.98/turn

%: slow self (1%)
@: fire vulnerable, studying 3 skills, bribing [Pandemonium]
A: small, no large weapons, nightstalker 3, clumsy 1, deformed body, frail 3,
screaming 1
}: 7/15 runes: decaying, serpentine, silver, abyssal, demonic, glowing, dark
a: Renounce Religion, Potion Petition, Call Merchant, Bribe Branch


You were in Pandemonium.
You worshipped Gozag.
Gozag was greatly pleased with you.
You visited 10 branches of the dungeon, and saw 46 of its levels.
You visited Pandemonium 2 times, and saw 8 of its levels.
You visited the Abyss 1 time.
You visited 1 bazaar.
You also visited: Ice Cave and Wizlab.

You collected 36872 gold pieces.
You spent 9725 gold pieces at shops.
You paid 21191 gold pieces to Gozag.

Inventory:

Hand Weapons
 g - a +9 spectral demon blade
 t - a +9 quick blade of draining (weapon)
Armour
 e - a +3 buckler of protection (worn)
 i - a +0 buckler of reflection
 k - the +0 pair of boots of Protective Custody (worn) {*Slow Str+6 Dex+5}
   (You bought it in a shop on level 3 of the Lair of Beasts)

   Str+6:     It affects your strength (+6).
   Dex+5:     It affects your dexterity (+5).
   *Slow:     It may slow you when you take damage.
 q - the +0 pair of fencer's gloves (worn) {Riposte Dex+3}
   (You bought it in a shop on level 2 of the Depths)

   Riposte:   It allows the wearer to riposte with melee weapons, swiftly
   retaliating against missed or blocked melee attacks.
   Dex+3:     It affects your dexterity (+3).
 M - the +6 scale mail of Miracles {Rampage rN+ Will+ Slay+2}
   (You found it on level 1 of the Vaults)

   Slay+2:    It affects your accuracy & damage with ranged weapons and melee
   (+2).
   rN+:       It protects you from negative energy.
   Will+:     It increases your willpower.
   Rampage:   It bestows one free step when moving towards enemies.
 W - +2 fire dragon scales (worn)
 X - a +2 cloak of poison resistance (worn)
 Y - the +1 hat of the Carpenter (worn) {Slay+2}
   (You found it on level 2 of the Elven Halls)

   Slay+2:    It affects your accuracy & damage with ranged weapons and melee
   (+2).
 Z - the +5 moon troll leather armour {Spirit, Regen++ MP+5}
   (You bought it in a shop in a bazaar)

   MP+5:      It affects your magic capacity (+5).
   Regen++:   It increases your rate of health regeneration.
Jewellery
 b - a ring of flight
 j - the amulet of Ceckab {Regen+ Str+3}
   (You found it on level 5 of the Vaults)

   [amulet of regeneration]

   Str+3:     It affects your strength (+3).
   Regen+:    It increases your rate of health regeneration.
 n - the ring of Ozaeter {rC+ Will+ Dex+2}
   (You took it off a balrug in Pandemonium)

   [ring of protection from cold]

   Dex+2:     It affects your dexterity (+2).
   rC+:       It protects you from cold.
   Will+:     It increases your willpower.
 z - a ring of positive energy
 F - a ring of protection from fire (right hand)
 G - the ring "Irynuthu" {Will+ AC+4 Dex-2 Slay+3 SInv}
   (You bought it in a shop on level 3 of the Depths)

   [ring of protection]

   AC+4:      It affects your AC (+4).
   Dex-2:     It affects your dexterity (-2).
   Slay+3:    It affects your accuracy & damage with ranged weapons and melee
   (+3).
   Will+:     It increases your willpower.
   SInv:      It lets you see invisible.
 I - a +5 ring of evasion
 L - the ring of Departure (left hand) {rC+ Will+ Str+3 Dex+3 SInv}
   (You acquired it on level 3 of the Lair of Beasts)

   [ring of protection from cold]

   Str+3:     It affects your strength (+3).
   Dex+3:     It affects your dexterity (+3).
   rC+:       It protects you from cold.
   Will+:     It increases your willpower.
   SInv:      It lets you see invisible.
 P - the amulet of Vitality (around neck) {RegenMP++ Regen++}
   (You took it off an ironbound convoker on level 5 of the Vaults)

   [amulet of magic regeneration]

   RegenMP:   It increases your rate of magic regeneration.
   Regen++:   It increases your rate of health regeneration.
 Q - the amulet "Belups" {Acrobat Str+3}
   (You found it on level 1 of the Swamp)

   [amulet of the acrobat]

   Acrobat:   It increases your evasion while moving and waiting.
   Str+3:     It affects your strength (+3).
 T - the amulet of Ysmacoyc {Reflect Fly rElec rN+ SH+5}
   (You found it in Pandemonium)

   [amulet of reflection]

   Reflect:   It reflects blocked missile attacks.
   rElec:     It insulates you from electricity.
   rN+:       It protects you from negative energy.
   Fly:       It grants you flight.
   SH+5:      It affects your SH (+5).
 V - the amulet "Beweve" {RegenMP Harm Will- rCorr}
   (You found it on level 3 of the Elven Halls)

   [amulet of magic regeneration]

   RegenMP:   It increases your rate of magic regeneration.
   Will-:     It decreases your willpower.
   rCorr:     It protects you from acid and corrosion.
   Harm:      It increases damage dealt and taken.
Wands
 d - a wand of light (13)
 w - a wand of mindburst (26)
 C - a wand of iceblast (55)
 E - a wand of paralysis (50)
 J - a wand of digging (25)
 S - a wand of polymorph (15)
 U - a wand of flame (139)
Scrolls
 p - 6 scrolls of fog
 r - 4 scrolls of torment
 v - 11 scrolls of teleportation
 A - 4 scrolls of butterflies
 B - 10 scrolls of fear
 D - 3 scrolls of silence
 H - 4 scrolls of blinking
 N - 5 scrolls of immolation
Potions
 h - 8 potions of resistance
 l - 15 potions of might
 m - 15 potions of curing
 o - 3 potions of magic
 s - 12 potions of cancellation
 u - a potion of brilliance
 K - 3 potions of invisibility
 O - 3 potions of enlightenment
 R - 8 potions of mutation
Miscellaneous
 a - a phantom mirror (inert)
 c - a box of beasts
 f - a lightning rod (4/4)
 x - the horn of Geryon
 y - a phial of floods


   Skills:
 + Level 20.8 Fighting
 + Level 24.1(25.3) Short Blades
 + Level 9.3(13.9) Long Blades
 - Level 17.3 Throwing
 O Level 27 Dodging
 + Level 25.5 Stealth
 * Level 13.0 Shields
 + Level 17.2 Translocations
 + Level 18.1 Evocations


You had 19 spell levels left.
You knew the following spells:

 Your Spells              Type           Power      Damage    Failure   Level
a - Blink                 Tloc           96%        N/A       1%          2
b - Manifold Assault      Tloc           48%        N/A       1%          4
c - Apportation           Tloc           96%        N/A       1%          1

Your spell library contained the following spells:

 Spells                   Type           Power      Damage    Failure   Level
 Lesser Beckoning         Tloc           96%        N/A       1%          2
 Gell's Gravitas          Tloc           48%        N/A       1%          3
 Teleport Other           Tloc           48%        N/A       1%          3
 Volatile Blastmotes      Fire/Tloc      48%        2d14      11%         3
 Dispersal                Tloc           24%        N/A       17%         6
 Dimensional Bullseye     Hex/Tloc       12%        N/A       36%         4
 Iskenderun's Mystic Bla  Conj/Tloc      24%        2d7       36%         4
 Vhi's Electric Charge    Tloc/Air       48%        N/A       36%         4
 Summon Forest            Summ/Tloc      12%        N/A       71%         5
 Foxfire                  Conj/Fire      0%         2x1d4     77%         1
 Freeze                   Ice            0%         1d3       77%         1
 Kiss of Death            Conj/Necr      0%         2d5       77%         1
 Necrotise                Necr           0%         1d4       77%         1
 Shock                    Conj/Air       0%         1d3       77%         1
 Slow                     Hex            0%         N/A       77%         1
 Summon Small Mammal      Summ           0%         N/A       77%         1
 Cigotuvi's Dreadful Rot  Necr/Pois/Air  0%         N/A       88%         2
 Ensorcelled Hibernation  Hex/Ice        0%         N/A       88%         2
 Jinxbite                 Hex            0%         N/A       88%         2
 Poisonous Vapours        Pois/Air       0%         N/A       88%         2
 Scorch                   Fire           0%         2d5       88%         2
 Static Discharge         Conj/Air       0%         3-3/arc   88%         2
 Sublimation of Blood     Necr           0%         N/A       88%         2
 Wereblood                Tmut           0%         N/A       88%         2
 Call Canine Familiar     Summ           0%         N/A       98%         3
 Confusing Touch          Hex            0%         N/A       98%         3
 Dazzling Flash           Conj/Hex       0%         N/A       98%         3
 Frozen Ramparts          Ice            0%         1d1       98%         3
 Ignite Poison            Fire/Tmut/Pois 0%         N/A       98%         3
 Inner Flame              Hex/Fire       0%         N/A       98%         3
 Mephitic Cloud           Conj/Pois/Air  0%         N/A       98%         3
 Sigil of Binding         Hex            0%         N/A       98%         3
 Summon Guardian Golem    Hex/Summ       0%         N/A       98%         3
 Swiftness                Air            0%         N/A       98%         3
 Tukima's Dance           Hex            0%         N/A       98%         3
 Vampiric Draining        Necr           0%         2d6       98%         3
 Airstrike                Air            0%         2d(0-16)  100%        4
 Anguish                  Hex/Necr       0%         N/A       100%        4
 Animate Armour           Summ/Erth      0%         N/A       100%        4
 Brom's Barrelling Bould  Conj/Erth      0%         2d3       100%        4
 Cause Fear               Hex            0%         N/A       100%        4
 Dispel Undead            Necr           0%         3d6       100%        4
 Flame Wave               Conj/Fire      0%         2d4       100%        4
 Fulminant Prism          Conj/Hex       0%         3d5       100%        4
 Petrify                  Tmut/Erth      0%         N/A       100%        4
 Sticky Flame             Conj/Fire      0%         2d3       100%        4
 Summon Lightning Spire   Summ/Air       0%         N/A       100%        4
 Agony                    Necr           0%         N/A       100%        5
 Alistair's Intoxication  Tmut/Pois      0%         N/A       100%        5
 Arcjolt                  Conj/Air       0%         1d10      100%        5
 Borgnjor's Vile Clutch   Necr/Erth      0%         N/A       100%        5
 Freezing Cloud           Conj/Ice/Air   0%         6-21      100%        5
 Irradiate                Conj/Tmut      0%         3d11      100%        5
 Lee's Rapid Deconstruct  Erth           0%         3d4*      100%        5
 Metabolic Englaciation   Hex/Ice        0%         N/A       100%        5
 Silence                  Hex/Air        0%         N/A       100%        5
 Summon Mana Viper        Hex/Summ       0%         N/A       100%        5
 Yara's Violent Unravell  Hex/Tmut       0%         3d3       100%        5
 Conjure Ball Lightning   Conj/Air       0%         3x3d6     100%        6
 Death Channel            Necr           0%         N/A       100%        6
 Plasma Beam              Fire/Air       0%         2x1d10    100%        6
 Starburst                Conj/Fire      0%         6d3       100%        6
 Summon Cactus Giant      Summ           0%         N/A       100%        6
 Enfeeble                 Hex            0%         N/A       100%        7
 Haunt                    Necr/Summ      0%         N/A       100%        7
 Ozocubu's Refrigeration  Ice            0%         4d7       100%        7
 Borgnjor's Revivificati  Necr           0%         N/A       100%        8
 Ignition                 Fire           0%         3d3       100%        8
 Death's Door             Necr           0%         N/A       100%        9
 Polar Vortex             Ice            0%         N/A       100%        9
 Animate Dead             Necr           Unusable   N/A       N/A         4
 Simulacrum               Ice/Necr       Unusable   N/A       N/A         6

Dungeon Overview and Level Annotations

Branches:
Dungeon (15/15)            Temple (0/1) D:5            Lair (5/5) D:10
  Swamp (4/4) Lair:2        Snake (4/4) Lair:3        Slime (0/5) Lair:5
    Orc (2/2) D:11            Elf (3/3) Orc:2        Vaults (5/5) D:13
  Crypt (3/3) Vaults:3       Tomb (0/3) Crypt:3      Depths (4/4) D:15
   Hell (visited)             Dis (0/7) Hell            Geh (0/7) Hell
    Coc (0/7) Hell            Tar (0/7) Hell            Zot (0/5) Depths:4
  IceCv (visited)          WizLab (visited)

Altars:
Ashenzari
Gozag
Kikubaaqudgha
Makhleb
Nemelex Xobeh
Uskayaw
Vehumet
Xom
Yredelemnul

Shops:
D:1 ?   D:6 *(   D:7 (   D:8 [   D:15 *   Orc:2 =!((   Lair:2 [   Lair:3 [*?
Vaults:3 =   Vaults:4 !   Vaults:5 ?   Crypt:1 ?   Depths:1 *   Depths:2 [
Depths:3 ==:

Portals:
Hell: Lair:5 Depths:1 Depths:2 Depths:3 Depths:4
Abyss: Depths:3 Depths:4
Pandemonium: Depths:2 Depths:4
Ziggurat: Depths:1

Annotations:
Swamp:1 2 transporters, GreenGuy14's ghost, journeyman MiFi
Elf:1 6 runed translucent doors
Pan Cerebov


Innate Abilities, Weirdness & Mutations

You are small and have problems with some larger weapons.
You are completely attuned to the shadows.
You are clumsy. (Dex -2)
Armour fits poorly on your strangely shaped body.
You are extremely frail. (-30% HP)
You occasionally shout uncontrollably at your foes.


Message History

Cerebov is lightly wounded.
You puncture Cerebov! You barely miss Cerebov.
Cerebov is lightly wounded.
You block Cerebov's attack.
You hit Cerebov but do no damage. x2
Cerebov is lightly wounded.
You puncture Cerebov! You hit Cerebov but do no damage.
Cerebov is lightly wounded.
Cerebov hits you with the +6 sword of Cerebov {flame}!!
The sword of Cerebov burns away your fire resistance.
You puncture Cerebov! You hit Cerebov but do no damage.
Cerebov is lightly wounded.
You closely miss Cerebov. You hit Cerebov but do no damage.
Cerebov is lightly wounded.
Cerebov barely misses you.
You riposte.
You hit Cerebov but do no damage. x2
Cerebov is lightly wounded.
Unknown command.
You barely miss Cerebov. You puncture Cerebov!
Cerebov is lightly wounded.
You closely miss Cerebov. You completely miss Cerebov.
Cerebov is lightly wounded.
Cerebov hits you with the +6 sword of Cerebov {flame}!!!
Cerebov burns you.
You hit Cerebov but do no damage. x2
Cerebov is lightly wounded.
You hit Cerebov but do no damage. x2
Cerebov is lightly wounded.
Cerebov gestures.
Cerebov seems to speed up.
Cerebov attacks as they pursue you!
Cerebov hits you with the +6 sword of Cerebov {flame}!
Cerebov burns you.
Cerebov gestures.
You miss the balrug. You puncture the balrug!
The balrug is lightly wounded.
Cerebov gestures at you.
A raging storm of fire appears!
The great blast of fire engulfs you!!! You partially resist.
You die...
Your body crumbles into a pile of gold.

....##..).##~~~≈......# #......#
.#####...##,,,..≈≈....###......#
.#[..#..##,*...#§≈≈....'.......##
.#=)|'..#,,*...#≈≈§....'........#
.#.))#..##,*...#§≈≈....'.?.......
.#####...##,...§≈≈2...###........
....##....##≈≈≈≈.....§# #........
....###....#≈≈###&..§#####.......
.....###...####2@.2..'.).#.......
......###.........####..)#)......
.......###......######"..#.)...$.
...!....###'#####*#..#####.......
.........#...#***,.......).......
.........#..)#,,,,...............
,........#=.|#,,,,...............
,,.......#####.,,,...............
,,,............,,,......)........


You could see Cerebov (fast), a balrug (summoned) and 2 hellions.

Vanquished Creatures
  Gloorx Vloq (Pan)
  Mnoleg (Pan)
  2 ancient liches
  Mara (Snake:3)
  A royal mummy (WizLab)
  Vv (Crypt:2)
  Vashnia (Snake:2)
  Geryon (Hell)
  4 pandemonium lords (Pan)
  5 golden dragons
  2 bone dragons
  the Enchantress (Depths:3)
  3 Brimstone Fiends (Pan)
  A Tzitzimitl (Pan)
  A Hell Sentinel (Pan)
  2 hellephants (Hell)
  3 doom hounds (Depths:3)
  7 Ice Fiends (Pan)
  5 tentacled monstrosities
  Asterion (Vaults:2)
  8 liches
  Zenata (Vaults:3)
  3 shard shrike skeletons
  Grunn (Depths:3)
  3 titans (Vaults:5)
  5 deep elf master archers
  The ghost of Rocaguck the Warrior, an adept MiFi of Qazlal (Elf:3)
  3 ancient champions
  3 deep elf blademasters
  6 tentacled starspawn
  20 Executioners (Pan)
  Gastronok (D:12)
  The ghost of Zapal the Geomancer, an adept DgEE (Snake:3)
  6 sphinxes
  A shadow dragon (Vaults:5)
  Aizul (Snake:3)
  The ghost of Ruet the Basher, an adept AtFi of Makhleb (Snake:3)
  A thorn hunter (Swamp:4)
  5 storm dragons
  Roxanne (Snake:4)
  4 tengu reavers
  5 demonspawn warmongers (Pan)
  2 nagarajas (Snake:4)
  A draconian knight (Depths:4)
  2 revenants
  2 fenstrider witches
  Louise (Depths:4)
  The ghost of Imyhos the Cryomancer, an adept DEFE of Gozag (Snake:3)
  6 iron dragons
  4 frost giants
  5 fire giants
  An iron dragon (shapeshifter) (Depths:2)
  15 deep elf sorcerers
  11 balrugs (Pan)
  2 ghost moths (Depths:2)
  12 vault wardens
  4 curse skulls
  6 deep elf elementalists
  A draconian shifter (Abyss:1)
  22 cacodemons
  A caustic shrike zombie (Depths:3)
  3 demonspawn corrupters (Pan)
  2 caustic shrike skeletons
  14 reapers
  3 spriggan defenders (Depths:3)
  4 orc warlords
  4 draconian stormcallers (Depths:4)
  16 ironbound preservers
  23 very ugly things
  A formless jellyfish (Vaults:2)
  2 juggernaut skeletons
  7 vampire knights
  3 demonspawn blood saints (Pan)
  5 war gargoyles
  4 ghouls
  2 ironbound thunderhulks
  An ophan (Abyss:1)
  8 stone giants
  2 black draconians (Depths:4)
  8 eleionomae
  Nessos (D:13)
  5 demonspawn black suns (Pan)
  15 deep elf annihilators
  Azrael (D:14)
  8 deep elf demonologists
  6 lorocyprocas
  A white draconian (Abyss:4)
  A bunyip (Swamp:3)
  4 spark wasps (Depths:2)
  8 dire elephants
  2 yellow draconians (Depths:4)
  Snorg (D:10)
  15 ettins
  5 blizzard demons
  10 deep elf death magi
  The ghost of Caciup the Basher, a journeyman GrFi of Jiyva (D:14)
  4 crystal guardians
  7 fire dragons
  A quicksilver dragon zombie (D:15)
  3 green deaths
  3 mummy priests
  3 entropy weavers (D:12)
  2 shambling mangroves (Swamp:4)
  11 eidola
  Josephine (Lair:5)
  33 vault guards
  4 great orbs of eyes
  2 fenstrider witch zombies
  8 deep elf high priests
  6 salamander tyrants
  12 jiangshi
  16 yaktaur captains
  21 hydras
  An ice dragon (shapeshifter) (Depths:2)
  4 spriggan skeletons
  2 hell beasts
  2 juggernaut simulacra (Depths:2)
  A caustic shrike simulacrum (Hell)
  7 rakshasas
  6 ice dragons
  5 ghost crabs
  3 peacekeepers
  2 ogre magi
  8 spriggan air magi
  9 alligators
  7 ironbound frosthearts
  10 two-headed ogres
  15 centaur warriors
  3 sphinx zombies
  3 fenstrider witch skeletons
  4 death knights
  19 naga warriors
  7 anacondas
  3 boulder beetles
  37 dancing weapons
  A sphinx skeleton (D:15)
  15 death yaks
  A deep troll shaman (Depths:1)
  9 tengu warriors
  6 orc high priests
  5 thrashing horrors
  3 titan zombies
  7 deep troll earth magi
  4 shock serpents
  7 vampire magi
  17 naga sharpshooters
  4 occultists (Depths:1)
  21 demonic crawlers
  22 soul eaters
  25 deep elf knights
  28 sun demons
  A storm dragon zombie (D:15)
  A spriggan berserker (Swamp:3)
  6 fire crabs
  9 spriggans
  8 hell knights
  8 shadow wraiths
  A skyshark (shapeshifter) (Depths:1)
  2 wretched stars
  17 skeletal warriors
  20 sixfirhies
  Amaemon (Lair:2)
  A titan skeleton (Pan)
  2 golden dragon zombies (Depths:3)
  7 iron trolls
  11 salamander mystics
  3 goliath frogs
  A storm dragon skeleton (Depths:3)
  Lodul (D:14)
  A fire crab (shapeshifter) (D:15)
  A sea snake (shapeshifter) (Vaults:5)
  2 spark wasp zombies (WizLab)
  3 spriggan druids (Swamp:2)
  A bunyip zombie (Crypt:3)
  A death drake (Swamp:4)
  4 skysharks
  An orb spider (shapeshifter) (Elf:3)
  2 sea snakes (Snake:1)
  11 swamp dragons
  7 flayed ghosts
  37 deep trolls
  An iron giant skeleton (Pan)
  2 anaconda zombies
  5 glowing orange brains
  5 shadow demons
  A golden dragon skeleton (Crypt:3)
  9 arcanists
  2 anaconda skeletons (Pan)
  5 harpies (Vaults:2)
  2 bunyip skeletons
  14 orc knights
  16 deep elf archers
  A shadow dragon zombie (Crypt:1)
  3 naga ritualists
  17 phantasmal warriors
  17 necromancers
  8 lindwurms
  A steelbarb worm (shapeshifter) (Vaults:1)
  3 tengu zombies
  18 ironbound convokers
  A lindwurm (shapeshifter) (Vaults:1)
  3 stone giant zombies
  13 bog bodies
  3 iron dragon zombies
  8 mana vipers
  2 fire giant zombies
  3 steelbarb worms (Swamp:2)
  6 orc sorcerers
  27 ugly things
  22 deep elf zephyrmancers
  An eleionoma zombie (Crypt:2)
  2 cyclopes
  25 deep elf pyromancers
  A wolf spider (shapeshifter) (Depths:2)
  A salamander (shapeshifter) (Elf:3)
  A manticore (shapeshifter) (Depths:2)
  A shadow dragon skeleton (Depths:3)
  A worldbinder (Abyss:4)
  31 large abominations
  19 salamanders
  25 elephants
  2 manticores
  2 iron dragon skeletons (Depths:3)
  7 wolf spiders (Crypt:3)
  3 naga zombies
  2 stone giant skeletons (Hell)
  26 black mambas
  A demonspawn zombie (WizLab)
  2 centaur zombies
  8 guardian serpents
  9 rust devils (Hell)
  A water nymph (shapeshifter) (Vaults:1)
  A dire elephant zombie (Crypt:3)
  18 naga magi
  2 ice statues
  4 apocalypse crabs
  2 alligator skeletons (Hell)
  An orc skeleton (Pan)
  29 smoke demons
  4 centaur skeletons
  A guardian serpent (shapeshifter) (Elf:3)
  10 cane toads
  3 torpor snails
  16 vault sentinels
  22 orange demons
  14 hellions (Pan)
  2 alligator snapping turtle zombies
  A catoblepas zombie (Crypt:3)
  3 dire elephant skeletons
  6 rime drakes
  14 yaktaurs
  3 kobold demonologists (D:9)
  A naga skeleton (Pan)
  6 efreet
  2 sea snake zombies (Hell)
  2 unseen horrors
  5 tormentors (Pan)
  7 komodo dragons
  Maggie (D:10)
  A sea snake skeleton (Hell)
  4 tengu conjurers
  6 ancient zymes
  12 freezing wraiths
  A green draconian skeleton (Crypt:2)
  4 guardian mummies
  4 ice devils
  7 red devils
  A bloated husk (Swamp:3)
  A black draconian skeleton (Crypt:1)
  3 harpy zombies (Crypt:3)
  3 meliai (D:14)
  A queen bee (shapeshifter) (Abyss:2)
  An iron troll zombie (Crypt:1)
  A silent spectre (Abyss:4)
  2 polar bears (Lair:5)
  2 hydra zombies
  A wind drake (shapeshifter) (Depths:2)
  12 tyrant leeches
  16 hellwings
  4 trolls
  3 raiju
  5 hornets
  21 blink frogs
  A blink frog (shapeshifter) (Depths:2)
  A raiju (shapeshifter) (Elf:3)
  A glass eye (shapeshifter) (Vaults:1)
  A jumping spider zombie (Crypt:1)
  2 dream sheep (shapeshifter)
  2 harpy skeletons
  A guardian serpent zombie (Crypt:2)
  7 spriggan zombies
  2 glass eyes
  5 flying skulls
  19 ynoxinuls
  A jumping spider (Crypt:3)
  47 slime creatures
  A shadow (D:11)
  4 water elementals
  An ettin skeleton (Abyss:4)
  2 air elementals (Elf:1)
  A vampire (D:11)
  3 wyverns
  A black mamba skeleton (Crypt:3)
  13 wraiths
  3 fire elementals
  57 yaks
  18 neqoxecs
  2 golden eyes (Abyss:2)
  3 basilisks
  A human (shapeshifter) (Elf:3)
  A sea snake simulacrum (Hell)
  A redback (shapeshifter) (Vaults:1)
  A steam dragon (shapeshifter) (Elf:3)
  12 vampire mosquitoes
  A death yak simulacrum (IceCv)
  16 chaos spawn
  4 redbacks (Crypt:3)
  A harpy simulacrum (Crypt:2)
  A glowing shapeshifter zombie (Depths:3)
  A fire bat zombie (WizLab)
  57 nagas
  4 wargs
  18 swamp worms
  2 hydra simulacra
  19 water moccasins
  10 small abominations
  4 acid dragons
  19 hell hounds
  A glowing shapeshifter skeleton (Depths:3)
  30 orc warriors
  9 swamp drakes
  5 black bears
  A sky beast (D:7)
  17 ogres
  3 boggarts (Vaults:1)
  An ogre (shapeshifter) (Elf:3)
  4 wolves (Lair:3)
  8 centaurs
  4 starcursed masses (Abyss:1)
  A hog skeleton (Crypt:1)
  3 kobold brigands
  7 bullfrogs
  A gnoll sergeant (D:8)
  4 two-headed ogre simulacra (IceCv)
  An earth elemental (Elf:2)
  3 necrophages
  3 scorpions
  5 wyvern skeletons (Crypt:3)
  2 cane toad simulacra (IceCv)
  8 wights
  14 killer bees
  An elephant simulacrum (IceCv)
  A shapeshifter skeleton (Crypt:2)
  3 howler monkeys
  4 electric eels
  8 jellies
  3 crimson imps (Pan)
  4 quasits
  A wolf skeleton (Crypt:1)
  An iron imp (Abyss:2)
  Crazy Yiuf (D:2)
  35 orc priests
  3 sleepcaps
  2 gnoll boudas
  4 hounds
  An iguana (shapeshifter) (Elf:3)
  3 iguanas (D:6)
  28 orc wizards
  12 hell rats
  7 troll simulacra (IceCv)
  4 polar bear simulacra (IceCv)
  5 spriggan simulacra (IceCv)
  A wolf simulacrum (IceCv)
  2 tengu skeletons (Crypt:2)
  A mummy (Crypt:3)
  14 gnolls
  An adder (shapeshifter) (Elf:3)
  5 adders
  4 naga simulacra (IceCv)
  A shadow imp (D:7)
  15 white imps
  12 ufetubi
  An iguana zombie (Crypt:2)
  2 worms
  3 dart slugs
  72 orcs
  3 bats
  8 endoplasms
  3 giant cockroaches (D:4)
  8 goblins
  8 hobgoblins
  2 jackals (D:4)
  A quokka (D:2)
  6 ball pythons
  2 frilled lizards (D:2)
  18 kobolds
  A quokka skeleton (Crypt:2)
  5 rats
  A butterfly (Lair:2)
  A starspawn tentacle (Abyss:2)
2585 creatures vanquished.

Vanquished Creatures (collateral kills)
  A Brimstone Fiend (Pan)
  2 balrugs (Pan)
  A reaper (Pan)
  A demonspawn blood saint (Pan)
  A blizzard demon (Pan)
  3 demonic crawlers (Pan)
  3 soul eaters (Pan)
  2 sun demons (Pan)
  2 sixfirhies (Pan)
  5 smoke demons (Pan)
  2 orange demons (Pan)
  2 tormentors (Pan)
  6 ynoxinuls (Pan)
  2 neqoxecs (Pan)
  3 chaos spawn (Pan)
  A hell hound (Pan)
37 creatures vanquished.

Vanquished Creatures (others)
  A Tzitzimitl (Pan)
  A Brimstone Fiend (Pan)
  An Ice Fiend (Pan)
  An Executioner (Pan)
  An eldritch tentacle (Pan)
  4 balrugs (Pan)
  A very ugly thing (Pan)
  3 demonspawn blood saints (Pan)
  4 reapers (Pan)
  6 cacodemons (Pan)
  2 lorocyprocas (Pan)
  A demonspawn black sun (Pan)
  A hell beast (Pan)
  A centaur warrior (Vaults:2)
  3 demonic crawlers (Pan)
  2 soul eaters (Pan)
  18 sun demons (Pan)
  A deep elf knight (Elf:1)
  2 large abominations (Pan)
  7 sixfirhies (Pan)
  A shadow demon (Pan)
  A deep elf pyromancer (Elf:2)
  6 smoke demons (Pan)
  9 orange demons (Pan)
  An ice devil (Pan)
  A red devil (Pan)
  A bloated husk (Swamp:1)
  5 ynoxinuls (Pan)
  A starcursed mass (Abyss:1)
  6 chaos spawn (Pan)
  8 neqoxecs (Pan)
  A small abomination (Abyss:4)
  9 starspawn tentacles
111 creatures vanquished.

Grand Total: 2733 creatures vanquished

Notes
Turn   | Place    | Note
-------+----------+-------------------------------------------
     0 | D:1      | olddryhag the Kobold Brigand began the quest for the Orb.
     0 | D:1      | Reached XP level 1. HP: 12/12 MP: 1/1
   370 | D:1      | Reached XP level 2. HP: 18/18 MP: 2/2
   442 | D:1      | Found Womam's Magic Scroll Shop.
   907 | D:1      | Reached XP level 3. HP: 22/22 MP: 3/3
  1088 | D:2      | Identified the +0 ring mail "Usithrohu" {Will- Int+3 Dex+5}
  1200 | D:2      | Found an opulent altar of Gozag.
  1205 | D:2      | Became a worshipper of Gozag Ym Sagoz the Greedy
  1436 | D:2      | Identified the +6 hammer "Gram" {speed, *Corrode Fly rElec
                  | Dex+2}
  1439 | D:2      | Found a runed translucent door.
  1442 | D:2      | Noticed Crazy Yiuf
  1956 | D:2      | Reached skill level 2 in Dodging
  2526 | D:3      | Reached XP level 4. HP: 27/27 MP: 4/4
  3002 | D:1      | Bought a scroll of enchant armour for 105 gold pieces
  3002 | D:1      | Bought a scroll of identify for 28 gold pieces
  3002 | D:1      | Bought a scroll of identify for 28 gold pieces
  3002 | D:1      | Bought a scroll of identify for 28 gold pieces
  3221 | D:4      | Noticed an ogre
  3223 | D:4      | Noticed an ogre
  3254 | D:4      | Killed an ogre
  3255 | D:4      | Reached skill level 3 in Dodging
  3255 | D:4      | Reached XP level 5. HP: 32/32 MP: 5/5
  3368 | D:4      | Reached XP level 6. HP: 37/37 MP: 6/6
  3386 | D:4      | Killed an ogre
  3387 | D:4      | Reached skill level 4 in Dodging
  3426 | D:4      | Noticed a black bear
  4186 | D:4      | Killed a black bear
  4187 | D:4      | Reached XP level 7. HP: 30/42 MP: 5/7
  4303 | D:5      | Entered Level 5 of the Dungeon
  4371 | D:5      | Noticed an acid dragon
  4420 | D:5      | Found a hide-covered altar of Uskayaw.
  4586 | D:5      | Reached skill level 5 in Dodging
  4666 | D:5      | Found a staircase to the Ecumenical Temple.
  4843 | D:5      | Reached skill level 5 in Short Blades
  5017 | D:5      | Reached XP level 8. HP: 48/48 MP: 8/8
  5269 | D:5      | Identified a scroll of acquirement
  5270 | D:5      | Acquired a +3 quick blade of draining
  5284 | D:5      | Reached skill level 6 in Dodging
  5775 | D:6      | Found Benniar's Assorted Antiques.
  5781 | D:6      | Bought an emerald potion for 27 gold pieces
  5781 | D:6      | Bought an embroidered robe for 114 gold pieces
  5781 | D:6      | Bought a sharpened copper wand for 124 gold pieces
  5781 | D:6      | Bought an encrusted emerald ring for 155 gold pieces
  5804 | D:6      | Reached skill level 5 in Fighting
  5905 | D:6      | Reached skill level 7 in Dodging
  5915 | D:6      | Reached skill level 5 in Throwing
  6008 | D:6      | Reached XP level 9. HP: 54/54 MP: 9/9
  6043 | D:6      | Found Mypug's Firing Range.
  6806 | D:7      | Found an ancient bone altar of Kikubaaqudgha.
  6807 | D:7      | Found a radiant altar of Vehumet.
  6851 | D:7      | Reached skill level 1 in Evocations
  6948 | D:7      | Reached skill level 8 in Dodging
  7216 | D:7      | Found Foil's Weapon Emporium.
  7979 | D:8      | Reached XP level 10. HP: 60/60 MP: 10/10
  8397 | D:8      | Reached skill level 9 in Dodging
  8761 | D:9      | Noticed a kobold demonologist
  8762 | D:9      | Noticed a kobold demonologist
  8766 | D:9      | Noticed an orange demon
  8767 | D:9      | Noticed a kobold demonologist
  8768 | D:9      | Killed a kobold demonologist
  8774 | D:9      | Killed a kobold demonologist
  8780 | D:9      | Killed a kobold demonologist
  8842 | D:8      | Bought a pair of ichor-stained gloves for 256 gold pieces
  8842 | D:8      | Identified the +5 pair of gloves "Ecoycka" {-Cast rF+
                  | Str+4} (You bought it in a shop on level 8 of the Dungeon)
  9049 | D:9      | Noticed a two-headed ogre
  9053 | D:9      | Killed a two-headed ogre
  9054 | D:9      | Reached skill level 10 in Dodging
  9054 | D:9      | Reached skill level 10 in Stealth
  9635 | D:10     | Entered Level 10 of the Dungeon
  9747 | D:10     | Reached XP level 11. HP: 67/67 MP: 11/11
  9844 | D:10     | Noticed Snorg
  9849 | D:10     | Killed Snorg
  9850 | D:10     | Reached skill level 5 in Evocations
  9924 | D:10     | Found a staircase to the Lair.
  9987 | D:10     | Noticed Maggie
  9991 | D:10     | Killed Maggie
 10041 | D:10     | Reached skill level 11 in Dodging
 10069 | D:10     | You fall into a shaft and drop 3 floors!
 10127 | D:13     | Noticed a tengu warrior
 10127 | D:13     | Noticed a manticore
 10166 | D:13     | Noticed a tengu warrior
 10175 | D:13     | Killed a tengu warrior
 10233 | D:13     | Found a gate to the Vaults.
 10233 | D:13     | Noticed a two-headed ogre
 10233 | D:13     | Noticed a two-headed ogre
 10235 | D:13     | Noticed an ogre mage
 10261 | D:13     | Killed a two-headed ogre
 10332 | D:13     | Found a frozen archway.
 10334 | D:13     | Noticed Nessos
 10346 | D:13     | Noticed a boulder beetle
 10376 | D:13     | Killed a boulder beetle
 10381 | D:13     | Killed Nessos
 10436 | IceCv    | Entered an ice cave
 11120 | IceCv    | Reached XP level 12. HP: 74/74 MP: 12/12
 11383 | IceCv    | Reached skill level 12 in Dodging
 11509 | IceCv    | Reached skill level 10 in Short Blades
 11577 | IceCv    | Noticed a reaper
 11889 | D:13     | Killed an ogre mage
 13267 | D:11     | Found a staircase to the Orcish Mines.
 13619 | D:12     | Reached skill level 1 in Translocations
 13762 | D:12     | Noticed Gastronok
 13773 | D:12     | Killed Gastronok
 13774 | D:12     | Reached skill level 13 in Dodging
 14004 | D:12     | Found a runed translucent door.
 14035 | D:12     | Noticed a boulder beetle
 14038 | D:12     | Killed a boulder beetle
 14053 | D:12     | Reached XP level 13. HP: 80/80 MP: 13/13
 14349 | D:12     | Noticed an entropy weaver
 14349 | D:12     | Noticed a ghost crab
 14427 | Lair:1   | Entered Level 1 of the Lair of Beasts
 15057 | Lair:1   | Reached skill level 14 in Dodging
 15526 | Lair:1   | Learned a level 2 spell: Blink
 15676 | Lair:2   | Noticed Amaemon
 15681 | Lair:2   | Killed Amaemon
 15776 | Lair:2   | Reached skill level 10 in Fighting
 15883 | Lair:2   | Found a staircase to the Swamp.
 15902 | Lair:2   | Reached XP level 14. HP: 78/88 MP: 12/14
 16255 | Lair:2   | Reached skill level 10 in Throwing
 16572 | Lair:2   | Identified the +8 falchion "Lacertilian's Undoing" {flame,
                  | rF+}
 17083 | Lair:3   | Found a staircase to the Snake Pit.
 17279 | Lair:3   | Bought an embroidered hat for 231 gold pieces
 17279 | Lair:3   | Bought a pair of jewelled boots for 313 gold pieces
 17279 | Lair:3   | Identified the +0 pair of boots of Protective Custody
                  | {*Slow Str+6 Dex+5} (You bought it in a shop on level 3 of
                  | the Lair of Beasts)
 17279 | Lair:3   | Bought a fine leather armour for 231 gold pieces
 17279 | Lair:3   | Identified the +0 leather armour of Toapneaf {rCorr Dex+8
                  | Stlth+} (You bought it in a shop on level 3 of the Lair of
                  | Beasts)
 17279 | Lair:3   | Bought a masterwork robe for 188 gold pieces
 17279 | Lair:3   | Identified the +1 robe "Xisaocom" {rPois rC- Will+ Dex+3}
                  | (You bought it in a shop on level 3 of the Lair of Beasts)
 17428 | Lair:3   | Reached skill level 15 in Dodging
 17777 | Lair:3   | Reached skill level 5 in Translocations
 18286 | Lair:3   | Bought a scroll of enchant armour for 187 gold pieces
 18286 | Lair:3   | Bought a scroll of enchant weapon for 187 gold pieces
 18286 | Lair:3   | Bought a scroll of enchant weapon for 187 gold pieces
 18363 | Snake:1  | Entered Level 1 of the Snake Pit
 19072 | Lair:4   | Reached skill level 10 in Evocations
 19077 | Lair:4   | Reached XP level 15. HP: 85/93 MP: 13/15
 19664 | Lair:4   | Learned a level 4 spell: Manifold Assault
 20024 | Lair:5   | Entered Level 5 of the Lair of Beasts
 20186 | Lair:5   | Found a staircase to the Slime Pits.
 20238 | Lair:5   | Reached skill level 16 in Dodging
 21020 | Lair:5   | Found a burning altar of Makhleb.
 21584 | Lair:5   | Noticed Josephine
 21616 | Lair:5   | Killed Josephine
 21939 | Lair:5   | Found a gateway to Hell.
 22307 | D:8      | Bought a runed robe for 99 gold pieces
 22307 | D:8      | Bought a bloodstained leather armour for 189 gold pieces
 22307 | D:8      | Identified the +3 leather armour "Koxt" {Int+7} (You bought
                  | it in a shop on level 8 of the Dungeon)
 22395 | Orc:1    | Entered Level 1 of the Orcish Mines
 22873 | Orc:1    | Noticed an orc warlord
 22938 | Orc:1    | Reached skill level 15 in Stealth
 23230 | Orc:1    | Killed an orc warlord
 23723 | Orc:2    | Entered Level 2 of the Orcish Mines
 23834 | Orc:2    | Reached XP level 16. HP: 100/100 MP: 16/16
 23966 | Orc:2    | Reached skill level 17 in Dodging
 24301 | Orc:2    | Found a staircase to the Elven Halls.
 24949 | Orc:2    | Found Culamym's Distillery.
 24950 | Orc:2    | Found Osing's Antique Weapon Shoppe.
 24952 | Orc:2    | Found Qyeh's Jewellery Emporium.
 24952 | Orc:2    | Found Eqanekh's Antique Weapon Shoppe.
 25391 | Orc:2    | Bought a potion of heal wounds for 60 gold pieces
 25391 | Orc:2    | Bought 2 potions of curing for 72 gold pieces
 25391 | Orc:2    | Bought a potion of curing for 36 gold pieces
 25391 | Orc:2    | Bought a potion of berserk rage for 60 gold pieces
 26362 | D:14     | Noticed Azrael
 26394 | D:14     | Killed Azrael
 26537 | D:14     | Found a runed translucent door.
 26538 | D:14     | Found a shimmering altar of Xom.
 26538 | D:14     | Noticed Caciup's ghost (journeyman GrFi)
 26585 | D:14     | Noticed Lodul
 26590 | D:14     | Killed Lodul
 27077 | D:15     | Entered Level 15 of the Dungeon
 28653 | D:15     | Found a staircase to the Depths.
 29378 | D:2      | Killed Crazy Yiuf
 29640 | D:12     | Reached skill level 18 in Dodging
 29659 | D:12     | Reached XP level 17. HP: 108/108 MP: 17/17
 29905 | D:14     | Identified the +0 cloak of Grace {Regen+}
 29910 | D:14     | Killed Caciup's ghost
 30065 | Swamp:1  | Identified the of Kuilippeck
 30065 | Swamp:1  | Entered Level 1 of the Swamp
 30390 | Lair:3   | Bought a scroll of enchant weapon for 120 gold pieces
 30390 | Lair:3   | Bought a scroll of acquirement for 832 gold pieces
 30390 | Lair:3   | Bought a scroll of enchant weapon for 120 gold pieces
 30390 | Lair:3   | Bought a scroll of teleportation for 48 gold pieces
 30394 | Lair:3   | Acquired the ring of Departure {rC+ Will+ Str+3 Dex+3 SInv}
 30912 | Snake:1  | Reached skill level 15 in Short Blades
 31360 | Snake:2  | Noticed Vashnia
 31753 | Snake:2  | Killed Vashnia
 33001 | Snake:3  | Found a runed translucent gate.
 33001 | Snake:3  | Found a runed translucent gate.
 33001 | Snake:3  | Found a runed translucent gate.
 33108 | Snake:3  | Noticed Mara
 33117 | Snake:3  | Noticed olddryhag's illusion
 33129 | Snake:3  | Killed Mara
 33130 | Snake:3  | Reached skill level 19 in Dodging
 33227 | Snake:3  | Reached XP level 18. HP: 114/114 MP: 18/18
 33797 | Snake:3  | Identified the serpent talisman of Ignis's Grace {*Corrode
                  | rC+ rN+ Will+ Slay+3}
 33797 | Snake:3  | Noticed Aizul
 33814 | Snake:3  | Killed Aizul
 34387 | Snake:4  | Entered Level 4 of the Snake Pit
 34498 | Snake:4  | Identified the +0 leather armour of Pixaludoe {rElec Regen+
                  | Int-2}
 34504 | Snake:4  | Noticed Roxanne
 36036 | Snake:4  | Reached XP level 19. HP: 120/120 MP: 19/19
 36051 | Snake:4  | Reached skill level 20 in Dodging
 36255 | Snake:4  | Got a serpentine rune of Zot
 36353 | Snake:4  | Killed Roxanne
 36502 | Lair:2   | Bought a +2 robe of resistance for 452 gold pieces
 37429 | Swamp:1  | Identified the amulet "Belups" {Acrobat Str+3}
 37518 | Swamp:1  | Found a transporter.
 37519 | Swamp:1  | Noticed GreenGuy14's ghost (journeyman MiFi)
 37526 | Swamp:1  | Found a transporter.
 38299 | Swamp:2  | Reached skill level 10 in Translocations
 38316 | Swamp:2  | Found a broken altar of Ashenzari.
 39607 | Swamp:4  | Entered Level 4 of the Swamp
 41649 | Swamp:4  | Reached XP level 20. HP: 128/128 MP: 20/20
 41712 | Swamp:4  | Reached skill level 21 in Dodging
 41820 | Swamp:4  | Got a decaying rune of Zot
 42581 | Snake:3  | Noticed Imyhos's ghost (adept DEFE)
 42581 | Snake:3  | Noticed Ruet's ghost (adept AtFi)
 42582 | Snake:3  | Noticed Zapal's ghost (adept DgEE)
 42633 | Snake:3  | Killed Ruet's ghost
 42644 | Snake:3  | Killed Imyhos's ghost
 42670 | Snake:3  | Killed Zapal's ghost
 43458 | Vaults:1 | Entered Level 1 of the Vaults
 44517 | Vaults:1 | Identified the +6 scale mail of Miracles {Rampage rN+ Will+
                  | Slay+2}
 44606 | Vaults:1 | Reached skill level 15 in Fighting
 45076 | Vaults:2 | You fall into a shaft and drop 2 floors!
 45383 | Vaults:3 | Reached skill level 15 in Throwing
 46159 | Vaults:3 | Reached XP level 21. HP: 134/134 MP: 21/21
 46435 | Vaults:2 | Reached skill level 22 in Dodging
 47346 | Vaults:2 | Noticed Asterion
 47349 | Vaults:2 | Killed Asterion
 48008 | Vaults:3 | Found a staircase to the Crypt.
 48031 | Vaults:3 | Noticed Zenata
 49378 | Vaults:3 | Killed Zenata
 51573 | Vaults:4 | Reached XP level 22. HP: 141/141 MP: 22/22
 51792 | Vaults:4 | Reached skill level 23 in Dodging
 52225 | Crypt:3  | Identified the of Xiodiez
 52225 | Depths:1 | Entered Level 1 of the Depths
 53291 | Depths:1 | Found a one-way gateway to a ziggurat.
 53798 | Depths:2 | Identified the "Inoqyfuilu"
 53798 | Depths:2 | Identified the "Omoprumo"
 54463 | Depths:2 | Identified the staff "Vyippyex" {rPois SInv Earth}
 54546 | Depths:2 | Noticed a golden dragon
 54974 | Depths:2 | Found a one-way gate leading to the halls of Pandemonium.
 55890 | Depths:2 | Bought the +0 pair of fencer's gloves {Riposte Dex+3} for
                  | 1200 gold pieces
 55890 | Depths:2 | Bought a buzzing scale mail for 270 gold pieces
 55890 | Depths:2 | Identified the +0 scale mail of the Locust {Slay+3} (You
                  | bought it in a shop on level 2 of the Depths)
 55890 | Depths:2 | Found the +0 pair of fencer's gloves {Riposte Dex+3}
 55965 | Depths:2 | Killed a golden dragon
 55990 | Depths:2 | Reached XP level 23. HP: 148/148 MP: 23/23
 56304 | Depths:3 | Found a one-way gate to the infinite horrors of the Abyss.
 56309 | Depths:3 | Noticed Grunn
 56313 | Depths:3 | Killed Grunn
 56443 | Depths:3 | Reached skill level 24 in Dodging
 57098 | Depths:3 | Found a sparkling altar of Nemelex Xobeh.
 57339 | Depths:3 | Noticed the Enchantress
 57833 | Elf:1    | Entered Level 1 of the Elven Halls
 58126 | Elf:1    | Found a runed translucent gate.
 58126 | Elf:1    | Found a runed translucent gate.
 58126 | Elf:1    | Found a runed translucent gate.
 58126 | Elf:1    | Found a runed translucent gate.
 58133 | Elf:1    | Found a runed translucent gate.
 58164 | Elf:1    | Found a runed translucent gate.
 59564 | Elf:2    | Found a flickering gateway to a bazaar.
 59575 | Bazaar   | Entered a bazaar
 59581 | Bazaar   | Found Xokun's Antique Weapon Shoppe.
 59590 | Bazaar   | Found Uqirauw's Armour Emporium.
 59611 | Bazaar   | Found Jaqoujaw's General Store.
 59616 | Bazaar   | Bought a potion of ambrosia for 152 gold pieces
 59616 | Bazaar   | Bought a potion of haste for 190 gold pieces
 59619 | Bazaar   | Found Lousor Qoe's Assorted Antiques.
 59624 | Bazaar   | Bought a scroll of enchant armour for 255 gold pieces
 59631 | Bazaar   | Found Pouceirch's Armour Emporium.
 59636 | Bazaar   | Bought a scarf of harm for 99 gold pieces
 59687 | Bazaar   | Bought the +5 moon troll leather armour {Spirit, Regen++
                  | MP+5} for 654 gold pieces
 59687 | Bazaar   | Found the +5 moon troll leather armour {Spirit, Regen++
                  | MP+5}
 59849 | Elf:2    | Identified the +1 hat of the Carpenter {Slay+2}
 59984 | Elf:2    | Identified the blade talisman of the Slimy God {rElec}
 60095 | Elf:2    | Found a runed translucent gate.
 60095 | Elf:2    | Found a runed translucent gate.
 60095 | Elf:2    | Found a runed translucent gate.
 60370 | Elf:2    | Reached XP level 24. HP: 156/156 MP: 23/23
 60805 | Elf:3    | Identified the of Joadgh
 60805 | Elf:3    | Identified the of Hiunirue
 60805 | Elf:3    | Identified the of Loppur
 60805 | Elf:3    | Entered Level 3 of the Elven Halls
 60867 | Elf:3    | Found a runed translucent gate.
 60868 | Elf:3    | Found a runed translucent gate.
 60958 | Elf:3    | Found a runed translucent gate.
 61057 | Elf:3    | Found a magical portal.
 61065 | WizLab   | Entered Doroklohe's Tomb
 61281 | WizLab   | Noticed a royal mummy
 61481 | WizLab   | Reached skill level 25 in Dodging
 61578 | WizLab   | Killed a royal mummy
 62439 | Elf:2    | Reached skill level 1 in Shields
 62695 | Elf:3    | Reached skill level 1 in Long Blades
 63236 | Elf:3    | Identified the +5 orcbow "Maggal" {flame, Fly Int+6 Dex+3}
 63261 | Elf:3    | Found the +5 demon whip "Spellbinder" {antimagic, disrupt,
                  | Will+}
 63282 | Elf:3    | Identified the +1 rapier of Ascent {holy, rElec}
 63283 | Elf:3    | Identified the staff of Qoprev {rPois Str+3 Poison}
 63549 | Elf:3    | Identified the amulet "Beweve" {RegenMP Harm Will- rCorr}
 63848 | Elf:3    | Found a runed translucent gate.
 63848 | Elf:3    | Found a runed translucent gate.
 63850 | Elf:3    | Found a runed translucent gate.
 63908 | Elf:3    | Noticed Rocaguck's ghost (adept MiFi)
 63948 | Elf:3    | Killed Rocaguck's ghost
 63952 | Elf:3    | Reached XP level 25. HP: 138/150 MP: 23/23
 63994 | Elf:3    | Learned a level 1 spell: Apportation
 63996 | Elf:3    | Identified the +1 pair of gloves of an ice cave {rElec}
 64296 | Crypt:1  | Entered Level 1 of the Crypt
 64424 | Crypt:1  | Bought a scroll of teleportation for 36 gold pieces
 64424 | Crypt:1  | Bought a scroll of butterflies for 48 gold pieces
 64424 | Crypt:1  | Bought a scroll of enchant weapon for 90 gold pieces
 64426 | Crypt:1  | Found an ancient bone altar of Kikubaaqudgha.
 64994 | Crypt:1  | Found a basalt altar of Yredelemnul.
 66042 | Crypt:2  | Noticed Vv
 66050 | Crypt:2  | Killed Vv
 66440 | Crypt:2  | Reached skill level 5 in Shields
 66580 | Crypt:3  | Entered Level 3 of the Crypt
 67307 | Crypt:3  | Noticed an ancient lich
 67329 | Crypt:3  | Killed an ancient lich
 67343 | Crypt:3  | Identified the +3 short sword "Qacul" {spect, *Slow rPois
                  | rN+}
 67715 | Crypt:3  | Reached skill level 26 in Dodging
 68024 | Crypt:3  | Found an ancient bone altar of Kikubaaqudgha.
 68269 | Crypt:3  | Identified the +2 battleaxe of the Tiger {speed, rC- rN+++
                  | Dex+5}
 68288 | Crypt:3  | Identified the +16 plate armour of Grace {rN+}
 68367 | Crypt:3  | Reached XP level 26. HP: 168/168 MP: 23/23
 68798 | Crypt:3  | Found a staircase to the Tomb.
 69375 | Crypt:3  | Identified the staff of Sloth {rN+ Will+ rCorr Necro}
 69851 | D:15     | Bought a potion of heal wounds for 210 gold pieces
 69851 | D:15     | Bought a scroll of teleportation for 126 gold pieces
 69899 | Hell     | Entered the Vestibule of Hell
 69904 | Hell     | Noticed Geryon
 70072 | Depths:3 | Found Paiqerur's Jewellery Shop.
 70072 | Depths:3 | Found Rozusiu's Jewellery Shop.
 70073 | Depths:3 | Found Xibi's Book Emporium.
 70077 | Depths:3 | Bought the ring "Irynuthu" {Will+ AC+4 Dex-2 Slay+3 SInv}
                  | for 918 gold pieces
 70493 | Depths:3 | Killed the Enchantress
 70680 | Depths:4 | Entered Level 4 of the Depths
 70753 | Depths:4 | Reached skill level 15 in Evocations
 71563 | Depths:4 | Noticed Louise
 72084 | Depths:4 | Reached skill level 15 in Translocations
 72655 | Depths:4 | Found a gate to the Realm of Zot.
 72722 | Depths:4 | Reached skill level 5 in Long Blades
 72893 | Depths:4 | Killed Louise
 73692 | Hell     | Gained mutation: Your spells are a little easier to cast,
                  | but a little less powerful. [a cacodemon]
 73813 | Depths:1 | Gained mutation: You are weak. (Str -2) [a cacodemon]
 74145 | Depths:1 | Bought a potion of curing for 114 gold pieces
 74145 | Depths:1 | Bought a scroll of teleportation for 114 gold pieces
 74310 | Depths:1 | Gained mutation: Your spells are easier to cast, but less
                  | powerful. [a cacodemon]
 74575 | Hell     | Killed Geryon
 74671 | Hell     | Found a gateway to the freezing wastes of Cocytus.
 75072 | Hell     | Found a gateway to the Iron City of Dis.
 75126 | Hell     | Found a gateway to the ashen valley of Gehenna.
 75385 | Hell     | Reached XP level 27. HP: 167/176 MP: 23/23
 75428 | Hell     | Found a gateway to the decaying netherworld of Tartarus.
 75715 | Vaults:4 | Bought a potion of heal wounds for 105 gold pieces
 75715 | Vaults:4 | Bought a potion of heal wounds for 105 gold pieces
 75715 | Vaults:4 | Bought a potion of curing for 63 gold pieces
 75715 | Vaults:4 | Bought a potion of curing for 63 gold pieces
 75715 | Vaults:4 | Bought a potion of curing for 63 gold pieces
 75718 | Vaults:5 | Entered Level 5 of the Vaults
 76502 | Vaults:5 | Identified the amulet of Ceckab {Regen+ Str+3}
 76551 | Vaults:5 | Found Egazaske's Magic Scroll Boutique.
 76555 | Vaults:5 | Identified the ring "Noigg" {rF+ SInv}
 76572 | Vaults:5 | Bought a scroll of teleportation for 51 gold pieces
 76572 | Vaults:5 | Bought a scroll of fog for 68 gold pieces
 76572 | Vaults:5 | Bought a scroll of blinking for 127 gold pieces
 76572 | Vaults:5 | Bought a scroll of enchant weapon for 127 gold pieces
 76984 | Vaults:5 | Noticed an ancient lich
 77009 | Vaults:5 | Killed an ancient lich
 77191 | Vaults:5 | Lost mutation: Your spells are easier to cast, but less
                  | powerful. [potion of mutation]
 77191 | Vaults:5 | Lost mutation: You are weak. (Str -2) [potion of mutation]
 77191 | Vaults:5 | Lost mutation: Your spells are a little easier to cast, but
                  | a little less powerful. [potion of mutation]
 77191 | Vaults:5 | Gained mutation: You occasionally lose the ability to read
                  | scrolls when taking damage. [potion of mutation]
 77254 | Vaults:5 | Identified the +4 war axe "Xuoly" {drain, rElec rF+ Will+
                  | Int+2}
 77880 | Vaults:5 | Got a silver rune of Zot
 77913 | Vaults:5 | Identified the +9 hand axe of Nywoakh {freeze, rPois rF+
                  | rC- Stlth+}
 78401 | Depths:3 | Voluntarily entered the Abyss.
 78421 | Abyss:1  | Found a corrupted altar of Lugonu.
 78549 | Abyss:1  | Found a corrupted altar of Lugonu.
 78551 | Abyss:1  | Found a corrupted altar of Lugonu.
 78776 | Abyss:1  | Found a corrupted altar of Lugonu.
 78845 | Abyss:1  | Paralysed by you for 3 turns
 78923 | Abyss:1  | Found a corrupted altar of Lugonu.
 78936 | Abyss:2  | Found a corrupted altar of Lugonu.
 79062 | Abyss:2  | Found a corrupted altar of Lugonu.
 79083 | Abyss:2  | Found a corrupted altar of Lugonu.
 79166 | Abyss:2  | Found a corrupted altar of Lugonu.
 79673 | Abyss:2  | Found a corrupted altar of Lugonu.
 79686 | Abyss:3  | Identified the of Uciutyub
 79686 | Abyss:3  | Identified the "Luroicis"
 80141 | Abyss:4  | Reached skill level 10 in Shields
 80191 | Abyss:4  | Got an abyssal rune of Zot
 80204 | Depths:3 | Escaped the Abyss
 80281 | Hell     | Upgraded the game from 0.31-a0-983-g7b6862f502 to
                  | 0.31-a0-986-g5e6e4ef867
 80316 | Tomb:3   | Identified the of Myigopebb
 80316 | Tar:7    | Identified the "Xometeaxt"
 80316 | Tar:7    | Identified the of Peovveos
 80316 | Geh:7    | Identified the "Aghaz"
 80316 | Pan      | Entered Pandemonium
 80523 | Pan      | Reached skill level 27 in Dodging
 80659 | Pan      | Gained mutation: You are weak. (Str -2) [a cacodemon]
 80680 | Pan      | Gained mutation: Your body sometimes deteriorates upon
                  | taking damage. [a cacodemon]
 80970 | Pan      | Gained mutation: You are dopey. (Int -2) [a cacodemon]
 81147 | Pan      | Noticed Hisism the pandemonium lord
 81165 | Pan      | Killed Hisism the pandemonium lord
 81212 | Pan      | Gained mutation: Your body often deteriorates upon taking
                  | damage. [a cacodemon]
 81981 | Pan      | Lost mutation: Your body often deteriorates upon taking
                  | damage. [potion of mutation]
 81981 | Pan      | Lost mutation: You are weak. (Str -2) [potion of mutation]
 81981 | Pan      | Lost mutation: You occasionally lose the ability to read
                  | scrolls when taking damage. [potion of mutation]
 81987 | Pan      | Lost mutation: You are dopey. (Int -2) [potion of mutation]
 81987 | Pan      | Lost mutation: Your body sometimes deteriorates upon taking
                  | damage. [potion of mutation]
 81987 | Pan      | Gained mutation: You are clumsy. (Dex -2) [potion of
                  | mutation]
 81987 | Pan      | Gained mutation: You are frail. (-10% HP) [potion of
                  | mutation]
 82056 | Pan      | Entered the realm of Gloorx Vloq.
 83110 | Pan      | Noticed Gloorx Vloq
 83158 | Pan      | Killed Gloorx Vloq
 83543 | Pan      | Got a dark rune of Zot
 84120 | Pan      | Noticed Anuenu Isia the pandemonium lord
 84382 | Pan      | Killed Anuenu Isia the pandemonium lord
 84446 | Pan      | Identified the +1 plate armour of Duty {rF+ rC+ Int+3}
 84487 | Pan      | Got a demonic rune of Zot
 84922 | Pan      | Found an exit through the horrors of the Abyss.
 85471 | Pan      | Identified the +1 dagger "Mun Nipo" {drain, +Blink}
 85933 | Pan      | Noticed Magrokk the pandemonium lord
 85953 | Pan      | Killed Magrokk the pandemonium lord
 86071 | Depths:4 | Escaped Pandemonium
 86282 | Pan      | Entered the realm of Mnoleg.
 86282 | Pan      | Entered Pandemonium
 86412 | Pan      | Found an exit through the horrors of the Abyss.
 86885 | Pan      | Noticed Mnoleg
 86902 | Pan      | Gained mutation: Armour fits poorly on your strangely
                  | shaped body. [a cacodemon]
 86905 | Pan      | Gained mutation: You are very frail. (-20% HP) [a
                  | cacodemon]
 86925 | Pan      | Killed Mnoleg
 87166 | Pan      | Got a glowing rune of Zot
 87658 | Pan      | Found an exit through the horrors of the Abyss.
 88175 | Pan      | Gained mutation: You occasionally shout uncontrollably at
                  | your foes. [a neqoxec]
 88254 | Pan      | Noticed Puol the pandemonium lord
 88548 | Pan      | Killed Puol the pandemonium lord
 89256 | Pan      | Gained mutation: You are extremely frail. (-30% HP) [a
                  | cacodemon]
 89529 | Pan      | Found an exit through the horrors of the Abyss.
 89543 | Pan      | Entered the realm of Cerebov.
 89861 | Pan      | Identified the +0 robe of the Game of Life {Int+5}
 90273 | Pan      | Identified the ring "Tomn" {+Blink rElec rF+ rC+ rN++}
 90670 | Pan      | Identified the +8 battleaxe "Nywnet" {spect, rCorr Str-5
                  | Int+2}
 90670 | Pan      | Identified the ring of Ozaeter {rC+ Will+ Dex+2}
 90686 | Pan      | Identified the amulet of Ysmacoyc {Reflect Fly rElec rN+
                  | SH+5}
 90708 | Pan      | Identified the ring "Edicrar" {rN+ Str+3}
 90719 | Pan      | Found the +6 sword of Cerebov {flame}
 90719 | Pan      | Noticed Cerebov
 90768 | Pan      | Killed from afar by Cerebov

Illustrated notes

Levels and vault maps discovered:
D:1:      spicycebolla_arrival_ecumenical, layout_basic, serial_shops,
          nicolae_shop_rolled_up, serial_forest, infiniplex_forest_end_3,
          infiniplex_forest_diagonal, infiniplex_forest_lined_2,
          infiniplex_forest_corner_2, infiniplex_forest_fountain,
          infiniplex_forest_zigzag_2, nrook_loot_triangle, st_stairs_8
D:2:      layout_loops_corners, basic_altar, uniq_crazy_yiuf_cottage
D:3:      layout_basic, roderic_st_hans_cross
D:4:      layout_loops_ring, minmay_misc_feat_plants
D:5:      layout_basic, mainiacjoe_overflow_cross_hatched,
          minmay_temple_entry_overgrown, minmay_bent
D:6:      layout_basic, nicolae_stop_n_shop_1, nicolae_shop_firing_range
D:7:      layout_loops_ring, gammafunk_temple_overflow_statue, serial_shops,
          nicolae_shop_waterfront, hangedman_decor_growths,
          dreamdust_mushroom_princess
D:8:      layout_layer_cave
D:9:      layout_cave_pools
D:10:     layout_loops_corners, lair_entry_dummy, enter_bailey_4, uniq_maggie,
          uniq_snorg
D:11:     layout_irregular_city, orc_0_dummy
D:12:     gammafunk_mikee_crab_dinner, layout_cave_pools, uniq_gastronok
D:13:     layout_basic, david_vaults_2, portal_ice_cave_rime,
          nicolae_elevator_lobby_asterisk, uniq_nessos
D:14:     layout_loops_corners, ebering_ghost_xom, uniq_lodul, uniq_azrael
D:15:     gammafunk_depths_entry_grave, layout_irregular_city,
          serial_park_fountain
Lair:1:   layout_chaotic_city
Lair:2:   layout_cave_pods, skrybe_swamp_entry_bodies,
          grunt_forest_stairs_basic, lemuel_fruit_fields, grunt_megastairs_1,
          serial_bayou_shore_b, lemuel_fruit_tree, serial_bayou_shore_b,
          uniq_amaemon
Lair:3:   layout_roguey, guppyfry_snake_entry_garden,
          infiniplex_staircase_pool_2, grunt_megastairs_4
Lair:4:   layout_cave_pods, grunt_megastairs_3
Lair:5:   evil_forest, layout_regular_city, nicolae_slime_entry_slimehenge,
          uniq_josephine
Swamp:1:  layout_basic_swamp, gammafunk_ghost_arena, nicolae_swamp_big_swirl,
          hangedman_swamp_diagram, swamp_pool_1_2
Swamp:2:  layout_basic_swamp, lemuel_altar_in_water, swamp_pool_1_2,
          nicolae_swamp_vermiculated, infiniplex_staircase_pool
Swamp:3:  layout_falls_marsh, evilmike_swamp_ruin_house_5,
          tekkud_bubbles_buried_in_this_jungle
Swamp:4:  swamp_basic_johnstein, layout_basic_swamp, swamp_pool_1_2,
          hangedman_swamp_pad, nicolae_swamp_little_tower,
          nicolae_swamp_soggy_hallways
Snake:1:  layout_rooms, serial_bayou, serial_bayou_ford_a, serial_bayou_pond_b,
          serial_bayou_pond_d, serial_bayou_pond_b
Snake:2:  layout_layer_cave, uniq_vashnia
Snake:3:  nicolae_snake_crotalidae_crossing, layout_basic,
          gammafunk_ghost_cemetery, uniq_mara, uniq_aizul
Snake:4:  johnstein_snake_rune_scales, layout_misc_corridors, uniq_roxanne
Orc:1:    orc_temple, layout_caves
Orc:2:    st_orc_mages, layout_caves, bh_open_orc_temple
Elf:1:    eino_elf_arrival_sip, layout_onion_city, orc_legates
Elf:2:    nicolae_elf_blades_splatter_lattice [nicolae_blade_tridents],
          layout_loops_cross, serial_shops, bzr_entry_islet
Elf:3:    minmay_elf_hall_four_x, layout_loops_cross, mu_enter_wizlab_6,
          ploomutoo_gammafunk_ghost_potion_laboratory
Vaults:1: nicolae_vaults_apartment_1, nicolae_vaults_ellipses_ellipsis,
          vaults_standard_mumra_lines, v_misc_13, v_misc_23,
          nicolae_vaults_rhombus_7, v_misc_26, nicolae_vaults_three_branches,
          nicolae_vaults_back_hallway, nicolae_vaults_loss_of_containment,
          nicolae_vaults_storage_room_glass, nicolae_vaults_diamond_2,
          nicolae_vaults_sealed_display, layout_vaults_ring
Vaults:2: hangedman_vaults_restitches, vaults_mumra_hex, vaults_mumra_minichess,
          nicolae_vaults_trapezoid_2, nicolae_vaults_trapezoid_lopsided_1,
          vaults_room_pool, layout_vaults_big_room, uniq_asterion
Vaults:3: vaults_dpeg_diagonal, blue_anna_dwarven_crypt,
          vaults_room_guarded_vault, v_rooms_3,
          nicolae_vaults_closet_pinwheel_2, vaults_room_corners,
          layout_vaults_omnigrid, uniq_zenata
Vaults:4: hangedman_vaults_slither, vaults_mumra_hexcomb,
          nicolae_vaults_little_squares_2, ontoclasm_vaults_gateway, v_misc_16,
          nicolae_vaults_cornered_office, nicolae_vaults_little_squares_2,
          nicolae_vaults_weapon_check, v_pattern_1, vaults_room_semicircle,
          minmay_orc_keep, nicolae_vaults_storage_room_statues,
          nicolae_vaults_shelves_hall, nicolae_vaults_tetromino_Z_1,
          layout_vaults_maze_snakey
Vaults:5: serial_shops
Crypt:1:  layout_misc_corridors, serial_sigils_hangedman_snap,
          hangedman_feature_mirror
Crypt:2:  layout_gridlike, uniq_vv
Crypt:3:  evilmike_haunted_forest
Depths:1: layout_honeycomb, enter_ziggurat_e, grunt_hell_entry_dis_grunt,
          chequers_serial_rivers_large_b, hangedman_abyss_or_decor_slice,
          grunt_ministairs_1, serial_bayou_pond_a, kennysheep_kite_vault
Depths:2: hangedman_crystal_crosses_colossus [crystal_crosses_arms_two,
          crystal_crosses_arms_two, crystal_crosses_arms_one,
          crystal_crosses_arms_one], hell_entry, pan_entry
Depths:3: hangedman_screamer, layout_cave_pools, nemelex_diamond_rough_becter,
          abyss_entry, hell_entry, minmay_shop_grove,
          infiniplex_staircase_split_hallway, uniq_enchantress, uniq_grunn
Depths:4: evilmike_zot_entry_argh, layout_basic, rand_demon_pan_entry_7,
          hell_entry, minmay_misc_feat_enclosed,
          nicolae_abyss_entry_one_way_or_another
Hell
Pan:      rand_demon_8, layout_pan_divisions_a [pan_division_quadrant_a3,
          pan_division_quadrant_a4, pan_division_quadrant_a4,
          pan_division_quadrant_a1, pan_division_octagon_box],
          gloorx_vloq_grunt_torture_chamber, layout_gridlike,
          lemuel_hall_of_pain, layout_chambers, rand_demon_5,
          layout_pan_divisions_a [pan_division_quadrant_a6,
          pan_division_quadrant_a2, pan_division_quadrant_a5,
          pan_division_quadrant_a2, pan_division_octagon_empty],
          pan_blood_fountain_small, mnoleg_st, layout_grid_shapes,
          nicolae_pan_glass_arcs, layout_chambers, pan_blood_fountain_small,
          rand_demon_3, layout_small_grid, cerebov_grunt,
          layout_cellular_growth, nicolae_pan_strange_glyphs
          [nicolae_pan_strange_glyph_rage, nicolae_pan_strange_glyph_angst,
          nicolae_pan_strange_glyph_spite,
          nicolae_pan_strange_glyph_disappointment], nicolae_the_louvre

Skill      XL: |  1  2  3  4  5  6  7  8  9 10 11 12 13 14 15 16 17 18 19 20 21 22 23 24 25 26 27 |
---------------+----------------------------------------------------------------------------------+-----
Short Blades   | 3 4 5 6 7 8 9 10 11 12 13 14 15 16 17 18 19 20 21 22 24 | 24.1
Dodging        | 2 3 4 5 7 8 10 11 13 14 15 16 18 19 20 21 22 23 24 25 26 27 | 27.0
Fighting       | 3 4 5 6 7 8 9 10 11 12 13 14 15 16 17 18 20 | 20.8
Throwing       | 3 4 5 6 7 8 9 10 11 12 13 14 15 16 17 | 17.3
Stealth        | 6 7 8 9 10 11 12 13 14 15 16 17 18 19 20 21 22 23 25 | 25.5
Evocations     | 3 4 6 7 8 10 11 12 13 14 15 18 | 18.1
Translocations | 2 4 5 6 7 8 9 10 11 12 13 14 15 17 | 17.2
Shields        | 3 6 8 13 | 13.0
Long Blades    | 2 4 5 9 |  9.3

Action                     |  1- 3 |  4- 6 |  7- 9 | 10-12 | 13-15 | 16-18 | 19-21 | 22-24 | 25-27 || total
---------------------------+-------+-------+-------+-------+-------+-------+-------+-------+-------++-------
  Melee: Dagger            |    69 |    67 |    70 |       |    12 |       |       |       |       ||   218
         Punch             |     1 |     1 |     2 |    12 |    28 |    36 |    45 |    53 |       ||   178
         Quick blade       |       |       |   230 |   601 |  1553 |  1900 |  2238 |  2288 |  7234 || 16044
  Throw: Dart              |       |    21 |    29 |     1 |     2 |     4 |     5 |     4 |       ||    66
         Throwing net      |       |       |       |     1 |       |       |       |       |       ||     1
   Cast: Manifold Assault  |       |       |       |       |     6 |    12 |     2 |     1 |    23 ||    44
         Blink             |       |       |       |       |       |     3 |     8 |     4 |     6 ||    21
         Apportation       |       |       |       |       |       |       |       |       |     9 ||     9
 Invoke: Call Merchant     |       |       |       |     1 |     2 |     1 |     2 |     1 |     4 ||    11
         Bribe Branch      |       |       |       |       |       |       |       |       |     2 ||     2
  Evoke: Wand              |       |     1 |       |     1 |     5 |     3 |     4 |     7 |    16 ||    37
         Phial of floods   |       |       |       |       |       |       |       |     1 |       ||     1
         Box of beasts     |       |       |       |       |       |       |       |     1 |     2 ||     3
         Lightning rod     |       |       |       |       |       |       |       |       |     3 ||     3
         Phantom mirror    |       |       |       |       |       |       |       |       |     3 ||     3
    Use: Scroll            |     1 |     6 |    14 |    12 |    11 |    11 |    11 |    13 |    17 ||    96
         Potion            |       |       |       |     2 |     3 |     3 |    14 |     6 |    21 ||    49
   Stab: Sleeping          |    23 |     9 |    18 |    19 |    72 |    83 |    95 |   109 |   108 ||   536
         Distracted        |       |     1 |     7 |    11 |     9 |    34 |    33 |    26 |   135 ||   256
         Held in net/web   |       |       |       |     1 |       |       |       |       |       ||     1
         Invisible         |       |       |       |     1 |     3 |     4 |     3 |     5 |       ||    16
         Paralysed         |       |       |       |       |     1 |       |       |       |       ||     1
 Armour: Robe              |     2 |       |       |       |       |       |       |       |       ||     2
         Ring mail         |     9 |    52 |    67 |    96 |       |       |       |       |       ||   224
         Acid dragon scale |       |       |       |    11 |    66 |       |       |       |       ||    77
         Leather armour    |       |       |       |       |    78 |   155 |   146 |       |       ||   379
         Scale mail        |       |       |       |       |       |       |   146 |   193 |       ||   339
         Troll leather arm |       |       |       |       |       |       |       |    68 |   498 ||   566
         Fire dragon scale |       |       |       |       |       |       |       |       |    11 ||    11
  Dodge: Dodged            |    27 |    47 |   131 |   252 |   690 |  1032 |  1342 |   972 |  2640 ||  7133
  Block: Buckler           |       |       |       |       |       |       |       |    51 |  1218 ||  1269
Riposte: Quick blade       |       |       |       |       |       |       |       |   116 |   862 ||   978

Table legend: (Time is in decaauts)
 A = Elapsed time spent in this place.
 B = Non-inter-level travel time spent in this place.
 C = Inter-level travel time spent in this place.
 D = Time resting spent in this place.
 E = Time spent auto-exploring this place.
 F = Levels seen in this place.
 G = Mean time per level.
                   A        B        C        D        E       F      G
               +--------+--------+--------+--------+--------+-----+--------+
         Total |  87460 |  80969 |   6491 |  16552 |  37183 |  61 | 1433.8 |
       Dungeon |  19015 |  16266 |   2749 |   1602 |  10274 |  15 | 1267.7 |
          Lair |   8650 |   7729 |    921 |   1341 |   4624 |   5 | 1730.0 |
         Swamp |   5538 |   5306 |    232 |   1644 |   2121 |   4 | 1384.5 |
     Snake Pit |   6032 |   5792 |    240 |    907 |   3276 |   4 | 1508.0 |
  Orcish Mines |   3090 |   2751 |    339 |    525 |   1519 |   2 | 1545.0 |
   Elven Halls |   5447 |   5006 |    441 |    967 |   1889 |   3 | 1815.7 |
        Vaults |  10841 |  10185 |    656 |   2666 |   4972 |   5 | 2168.2 |
         Crypt |   5074 |   4837 |    237 |    965 |   2315 |   3 | 1691.3 |
        Depths |   9357 |   8688 |    669 |   3545 |   2490 |   4 | 2339.2 |
          Hell |   1170 |   1166 |      4 |    175 |    289 |   1 | 1170.0 |
         Abyss |   1616 |   1616 |      0 |      8 |      0 |   4 |  404.0 |
   Pandemonium |   9565 |   9565 |      0 |   1481 |   3206 |   8 | 1195.6 |
        Bazaar |    151 |    151 |      0 |     17 |     32 |   1 |  151.0 |
      Ice Cave |   1294 |   1294 |      0 |    607 |    112 |   1 | 1294.0 |
        Wizlab |    612 |    612 |      0 |     99 |     61 |   1 |  612.0 |
               +--------+--------+--------+--------+--------+-----+--------+

Top non-repeatable levels by time:
Vaults:3: 3008 daAuts
 Crypt:3: 2885 daAuts
Depths:2: 2566 daAuts
Depths:1: 2539 daAuts
  Lair:2: 2415 daAuts
Depths:4: 2389 daAuts
    D:15: 2372 daAuts
Vaults:4: 2291 daAuts
Vaults:2: 2032 daAuts
   Elf:3: 2032 daAuts
   Elf:2: 1925 daAuts
  Lair:5: 1914 daAuts
 Snake:3: 1894 daAuts
Depths:3: 1863 daAuts
Vaults:5: 1793 daAuts
